 Dungeon Crawl Stone Soup version 0.23-a0-458-g93a6ea9 (webtiles) character file.

522 Mgcat the Magician (level 7, -7/54 HPs)
             Began as a Deep Elf Earth Elementalist on Nov 26, 2018.
             Killed from afar by Dowan (12 damage)
             ... with a stone arrow
             ... on level 4 of the Dungeon.
             The game lasted 00:08:25 (4438 turns).

Mgcat the Magician (Deep Elf Earth Elementalist)    Turns: 4438, Time: 00:08:26

Health: -7/54      AC:  3    Str: 10    XL:     7   Next: 2%
Magic:  12/17      EV: 13    Int: 22    God:
Gold:   145        SH:  0    Dex: 15    Spells: 4/17 levels left

rFire    . . .     SeeInvis .   e - +0 dagger
rCold    . . .     Gourm    .   (no shield)
rNeg     . . .     Faith    .   c - +0 robe
rPois    .         Spirit   .   (no helmet)
rElec    .         Reflect  .   (no cloak)
rCorr    .         Harm     .   (no gloves)
MR       .....                  l - +0 pair of boots
Stlth    ..........             (no amulet)
HPRegen  0.18/turn              (no ring)
MPRegen  0.15/turn              (no ring)

@: berserking, hasted, very quick
A: no striking features
a: no special abilities


You were on level 4 of the Dungeon.
You were not hungry.

You visited 1 branch of the dungeon, and saw 4 of its levels.

You collected 145 gold pieces.

Inventory:

Hand Weapons
 e - a +0 dagger (weapon)
   (You took it off a kobold on level 1 of the Dungeon)
Missiles
 b - 117 stones (quivered)
Armour
 c - a +0 robe (worn)
 l - a +0 pair of boots (worn)
   (You found it on level 3 of the Dungeon)
Magical Staves
 k - an uncursed staff of earth
   (You found it on level 2 of the Dungeon)
Scrolls
 a - a scroll of enchant weapon {unknown}
 g - 6 scrolls of identify {unknown}
 h - a scroll of amnesia {unknown}
 i - a scroll of teleportation {unknown}
 j - a scroll of enchant armour {unknown}
 n - a scroll of blinking {unknown}
 p - a scroll of random uselessness {unknown}
 q - a scroll of remove curse {unknown}
 r - a scroll of immolation {unknown}
Potions
 f - a potion of curing {unknown}
Comestibles
 d - 5 rations
 o - 7 chunks of flesh {@w0}


   Skills:
 - Level 2.4 Dodging
 - Level 5.1 Stealth
 + Level 5.5 Spellcasting
 + Level 3.0 Conjurations
 + Level 3.0 Transmutations
 + Level 5.1 Earth Magic


You had 4 spell levels left.
You knew the following spells:

 Your Spells              Type           Power        Failure   Level  Hunger
a - Sandblast             Erth           ####..       1%          1    None
b - Stone Arrow           Conj/Erth      ###...       5%          3    ##.....
c - Petrify               Tmut/Erth      ###.....     19%         4    ####...
d - Lee's Rapid Deconstr  Erth           ####......   32%         5    #####..

Your spell library contained the following spells:

 Spells                   Type           Power        Failure   Level  Hunger
 Passwall                 Tmut/Erth      ###.....     2%          2    None


Dungeon Overview and Level Annotations

Branches:
Dungeon (4/15)
 Temple: D:4-7

Altars:
Elyvilon
Gozag
Nemelex Xobeh
Okawaru

Annotations:
D:3 2 transporters, phyphor's ghost, weakling SpEn
D:4 Dowan


Message History

b - 122 stones Duvessa barely misses you.
Okay, then.
Unknown command.
Unknown command.
Casting: Sandblast (safe; 1% risk of failure)
Confirm with . or Enter, or press ? or * to list all spells.
Aiming: Sandblast (safe; 1% risk of failure)
Press: ? - help, Shift-Dir - straight line, f/p - Duvessa
Aim: Duvessa, wielding a +0 short sword and wearing a +0 leather armour You feel a surge of power!
The blast of sand misses Duvessa.
b - 121 stones
There is an open door here.
Dowan mumbles some strange words.
Dowan blinks!
There is an opulent altar of Gozag here.
Casting: Sandblast (safe; 1% risk of failure)
Confirm with . or Enter, or press ? or * to list all spells.
Aiming: Sandblast (safe; 1% risk of failure)
Press: ? - help, Shift-Dir - straight line, f/p - Duvessa
Aim: Duvessa, wielding a +0 short sword and wearing a +0 leather armour You feel a surge of power!
The blast of sand hits Duvessa.
b - 120 stones Duvessa hits you with a +0 short sword!
Casting: Sandblast (safe; 1% risk of failure)
Confirm with . or Enter, or press ? or * to list all spells.
Aiming: Sandblast (safe; 1% risk of failure)
Press: ? - help, Shift-Dir - straight line, f/p - Duvessa
Aim: Duvessa, wielding a +0 short sword and wearing a +0 leather armour You feel a surge of power!
The blast of sand hits Duvessa.
Duvessa is moderately wounded.
b - 119 stones Duvessa says, "Practise, practise, practise!
One day you'll be as good as me." Duvessa completely misses you.
Casting: Sandblast (safe; 1% risk of failure)
Confirm with . or Enter, or press ? or * to list all spells.
Aiming: Sandblast (safe; 1% risk of failure)
Press: ? - help, Shift-Dir - straight line, f/p - Duvessa
Aim: Duvessa, wielding a +0 short sword and wearing a +0 leather armour You feel a surge of power!
The blast of sand hits Duvessa.
Duvessa is heavily wounded.
b - 118 stones Dowan points at Duvessa and mumbles some strange words.
Duvessa seems to speed up.
Duvessa barely misses you.
Casting: Sandblast (safe; 1% risk of failure)
Confirm with . or Enter, or press ? or * to list all spells.
Aiming: Sandblast (safe; 1% risk of failure)
Press: ? - help, Shift-Dir - straight line, f/p - Duvessa
Aim: Duvessa, wielding a +0 short sword and wearing a +0 leather armour You feel a surge of power!
The blast of sand hits Duvessa.
You kill Duvessa!
Dowan screams, "No!
No!"
Dowan seems to find hidden reserves of power!
Training target 5.0 for Stealth reached!
Your Stealth skill increases to level 5!
Your Conjurations skill increases to level 3!
Your Transmutations skill increases to level 3!
Your Earth Magic skill increases to level 5!
You have reached level 7!
b - 117 stones Dowan casts a spell at you.
The stone arrow hits you!
Ouch! That really hurt!
* * * LOW HITPOINT WARNING * * *
As you close the door, pushing everything out of the way, it creaks loudly!
Okay, then.
It was a potion of haste.
You feel yourself speed up.
Dowan opens the door.
It was a potion of berserk rage.
A red film seems to cover your vision as you go berserk!
You feel yourself moving faster!
You feel mighty!
You closely miss Dowan. Dowan hits you with a +0 dagger.
* * * LOW HITPOINT WARNING * * *
Wield which item (- for none, * to show all)? (? for menu, Esc to quit)
e - a +0 dagger (weapon)
Dowan barely misses you.
You hit Dowan.
Dowan is lightly wounded.
Dowan misses you.
You puncture Dowan!
Dowan is heavily wounded.
Dowan hits you with a +0 dagger.
* * * LOW HITPOINT WARNING * * *
You are too berserk!
Unknown command.
Press < or > to pray at altars.
You hit Dowan.
Dowan is almost dead.
Dowan barely misses you.
Unknown command.
Press < or > to pray at altars.
Unknown command.
Press < or > to pray at altars.
You completely miss Dowan.
Dowan is almost dead.
Dowan hits you but does no damage.
You hit Dowan.
Dowan is almost dead.
Dowan casts a spell at you. The stone arrow hits you!
You die...

#......#...#.....####
##...(...........##
#.........#......###
#..............(...#
##..........##.....#
#........<.......#..
##...............<#..
#.†###)..............
##.)e@+...............
#..[###...............
##..................<.
...........................
.........#.................
#.%......#.......##........
##.............## ##.......
#............... ........
#.#.......##.... ........


You could see Dowan.

Vanquished Creatures
  Duvessa (D:4)
  A phantom (D:3)
  An ogre (D:4)
  A centaur skeleton (D:4)
  An orc wizard (D:3)
  Natasha (twice) (D:2)
  A gnoll (D:1)
  4 adders
  2 oozes
  3 worms
  5 leopard geckos
  6 orcs
  A ball python (D:2)
  2 giant cockroaches
  3 goblins
  6 hobgoblins
  2 jackals (D:2)
  7 kobolds
  2 quokkas
  6 bats
  9 frilled lizards
  7 rats
73 creatures vanquished.

Notes
Turn   | Place    | Note
-------+----------+-------------------------------------------
     0 | D:1      | Mgcat the Deep Elf Earth Elementalist began the quest for
                  | the Orb.
     0 | D:1      | Reached XP level 1. HP: 10/10 MP: 6/6
   303 | D:1      | Reached XP level 2. HP: 7/15 MP: 2/8
   433 | D:1      | Reached skill level 3 in Stealth
   922 | D:1      | Reached XP level 3. HP: 8/19 MP: 8/10
   927 | D:1      | Learned a level 3 spell: Stone Arrow
  1570 | D:2      | Found a sparkling altar of Nemelex Xobeh.
  1949 | D:2      | Found an iron altar of Okawaru.
  1952 | D:2      | Reached skill level 4 in Spellcasting
  2136 | D:2      | Noticed Natasha
  2204 | D:2      | Reached skill level 4 in Earth Magic
  2378 | D:2      | Reached XP level 4. HP: 24/24 MP: 8/12
  2384 | D:2      | Learned a level 4 spell: Petrify
  2473 | D:2      | Reached skill level 1 in Conjurations
  2730 | D:2      | Killed Natasha
  2871 | D:2      | Noticed Natasha
  2876 | D:2      | Killed Natasha
  2876 | D:2      | Reached skill level 4 in Stealth
  3239 | D:3      | Noticed a phantom
  3364 | D:3      | Reached XP level 5. HP: 28/28 MP: 5/13
  3556 | D:3      | Found a transporter.
  3560 | D:3      | Found a transporter.
  3561 | D:3      | Noticed phyphor's ghost (weakling SpEn)
  3661 | D:3      | Learned a level 5 spell: Lee's Rapid Deconstruction
  3710 | D:3      | Found a white marble altar of Elyvilon.
  3713 | D:3      | Reached skill level 2 in Transmutations
  4000 | D:3      | Killed a phantom
  4000 | D:3      | Reached skill level 5 in Spellcasting
  4000 | D:3      | Reached skill level 2 in Conjurations
  4000 | D:3      | Reached XP level 6. HP: 32/32 MP: 8/15
  4416 | D:4      | Found an opulent altar of Gozag.
  4419 | D:4      | Noticed Duvessa
  4419 | D:4      | Noticed Dowan
  4428 | D:4      | Killed Duvessa
  4428 | D:4      | Reached skill level 5 in Stealth
  4428 | D:4      | Reached skill level 3 in Conjurations
  4428 | D:4      | Reached skill level 3 in Transmutations
  4428 | D:4      | Reached skill level 5 in Earth Magic
  4428 | D:4      | Reached XP level 7. HP: 29/36 MP: 11/17
  4432 | D:4      | HP: 11/54 [Dowan/+0 dagger (5)]
  4435 | D:4      | HP: 5/54 [Dowan/+0 dagger (6)]
  4438 | D:4      | Killed from afar by Dowan

Vault maps used:
D:1:      dpeg_arrival_solitude, minmay_liquid_box
D:2:      okawaru_metal_pillars_1_2, nemelex_xobeh_ov_fountains_minmay,
          uniq_natasha
D:3:      gammafunk_ghost_mausoleum, elyvilon_altar_3
D:4:      kennysheep_mini_moat, nicolae_ashenzari_panopticon,
          lightli_temple_of_fire, first_ration, roderic_lattice_a,
          minmay_circle_x, uniq_menkaure, uniq_eustachio, uniq_grinder,
          uniq_duvessa

Skill      XL: |  1  2  3  4  5  6 |
---------------+-------------------+-----
Stealth        | 3 4 5 |  5.1
Spellcasting   | 4 5 |  5.5
Earth Magic    | 4 5 |  5.1
Conjurations   | 1 2 3 |  3.0
Transmutations | 2 3 |  3.0
Dodging        | |  2.4

Action                   |  1- 3 |  4- 6 |  7- 9 || total
-------------------------+-------+-------+-------++-------
Melee: Dagger            |    74 |       |     5 ||    79
       Staff             |       |       |     1 ||     1
 Cast: Sandblast         |    17 |    15 |     1 ||    33
       Stone Arrow       |    17 |    41 |       ||    58
  Use: Potion            |       |       |     2 ||     2
 Stab: Sleeping          |     2 |       |       ||     2
  Eat: Chunk             |     6 |     8 |       ||    14
Armor: Robe              |    20 |       |       ||    20
Dodge: Dodged            |    77 |     5 |     3 ||    85

Table legend:
 A = Non-vault XP
 B = Vault XP
 C = Vault XP percentage of total XP
 D = Non-vault monster count
 E = Vault monster count
 F = Vault count percentage of total count
                 A         B        C        D         E       F
            +---------+---------+-------+---------+---------+-------
      Total |     567 |     180 |  24.1 |      71 |       2 |   2.7
            +---------+---------+-------+---------+---------+-------
        D:1 |      55 |       0 |   0.0 |      24 |       0 |   0.0
        D:2 |      98 |      35 |  26.3 |      23 |       1 |   4.2
        D:3 |     226 |       0 |   0.0 |      15 |       0 |   0.0
        D:4 |     188 |     145 |  43.5 |       9 |       1 |  10.0
            +---------+---------+-------+---------+---------+-------

Vault maps used:
D:1:      dpeg_arrival_solitude, minmay_liquid_box
D:2:      okawaru_metal_pillars_1_2, nemelex_xobeh_ov_fountains_minmay,
          uniq_natasha
D:3:      gammafunk_ghost_mausoleum, elyvilon_altar_3
D:4:      kennysheep_mini_moat, nicolae_ashenzari_panopticon,
          lightli_temple_of_fire, first_ration, roderic_lattice_a,
          minmay_circle_x, uniq_menkaure, uniq_eustachio, uniq_grinder,
          uniq_duvessa

Table legend:
 A = Turns spent in this place as a percentage of turns spent in the entire game.
 B = Non-inter-level travel turns spent in this place as a percentage of non-inter-level travel turns spent in the entire game.
 C = Inter-level travel turns spent in this place as a percentage of turns spent in this place.
 D = Turns resting spent in this place as a percentage of non-inter-level travel turns spent in this place.
 E = Turns spent auto-exploring this place as a percentage of non-inter-level travel turns spent in this place.
 F = Non-inter-level travel turns spent in this place divided by the number of levels of this place that you've seen.
                   A       B       C       D       E      F
               +-------+-------+-------+-------+-------+----------------------
         Total | 100.0 | 100.0 |  12.2 |   2.2 |  84.7 | 974.0
       Dungeon | 100.0 | 100.0 |  12.2 |   2.2 |  84.7 | 974.0
               +-------+-------+-------+-------+-------+----------------------

Table legend:
 A = Kills in this place as a percentage of kills in entire the game.
 B = Kills by you in this place as a percentage of kills by you in the entire game.
 C = Kills by friends in this place as a percentage of kills by friends in the entire game.
 D = Other kills in this place as a percentage of other kills in the entire game.
 E = Experience gained in this place as a percentage of experience gained in the entire game.
 F = Experience gained in this place divided by the number of levels of this place that you have seen.
                   A       B       C       D       E      F
               +-------+-------+-------+-------+-------+----------------------
         Total | 100.0 | 100.0 |   N/A |   N/A | 100.0 | 186.8
       Dungeon | 100.0 | 100.0 |   N/A |   N/A | 100.0 | 186.8
               +-------+-------+-------+-------+-------+----------------------
